[Event "Titled Tuesday Blitz March 15 Late 2022"]
[White "Melkumyan, Hrant"]
[Black "Abdyzhapar, Asylbek"]
[WhiteFideId "13302485"]
[BlackFideId "13800337"]
[WhiteElo "2604"]
[BlackElo "2331"]
[Result "1-0"]
[Round "11"]
[TimeControl "180+1"]
[Date "2022.03.15"]
[WhiteClock "0:00:18"]
[BlackClock "0:00:04"]

1. d4 Nf6 2. c4 g6 3. Nc3 Bg7 4. e4 d6 5. f3 O-O 6. Nge2 Nbd7 7. Be3 a6 8. Qd2 c5 9. Bh6 cxd4 10. Nxd4 Bxh6 11. Qxh6 Qb6 12. Qd2 Ne5 13. Rc1 h5 14. Be2 Bd7 15. b3 Rac8 16. f4 Nc6 17. Nf3 Ng4 18. Bd3 Nb4 19. Bb1 Be6 20. h3 Nf6 21. Ng5 a5 22. g4 h4 23. Qf2 Qxf2+ 24. Kxf2 Bd7 25. Rhe1 e5 26. f5 Rfd8 27. Nf3 Rc5 28. Rcd1 Bc6 29. a3 Na6 30. Nxh4 gxf5 31. Nxf5 b5 32. Ne7+ Kg7 33. Nf5+ Kf8 34. Nxd6 bxc4 35. bxc4 Ne8 36. Nxe8 Rxd1 37. Nxd1 Bxe8 38. Ne3 Rc7 39. h4 Nc5 40. h5 Ne6 41. h6 Kg8 42. Nd5 Rxc4 43. Nf6+ Kf8 44. h7 Kg7 45. Rh1 Kh8 46. Nxe8 Rd4 47. Ke3 Nf4 48. Nf6 Ra4 49. Kd2 Rxa3 50. Nd5 Nh3 51. Rf1 Kxh7 52. Rxf7+ Kg6 53. Rf5 Ng5 54. Ne7+ Kh6 55. Ng8+ Kg6 56. Ne7+ Kh6 57. Nc6 Ne6 58. Nxe5 Nd4 59. g5+ Kg7 60. Rf7+ Kg8 61. Rd7 Ne6 62. Bd3 Nc5 63. Bc4+ Kf8 64. Rf7+ Ke8 65. Bb5+ Kd8 66. Nc6+ Ke8 67. Ne5+ Kd8 68. Kc2 Nxe4 69. Rd7+ Kc8 70. Ba6+ Kb8 71. Nc6+ 1-0


[Site "https://www.chess.com"]

[Event "Titled Tuesday Blitz March 15 Late 2022"]
[White "Mickiewicz, Piotr"]
[Black "Kohler, Aran"]
[WhiteFideId "1114891"]
[BlackFideId "1002856"]
[WhiteElo "2266"]
[BlackElo "2271"]
[Result "0-1"]
[Round "11"]
[TimeControl "180+1"]
[Date "2022.03.16"]
[WhiteClock "0:00:01"]
[BlackClock "0:00:14"]

1. Nf3 Nf6 2. g3 b6 3. Bg2 Bb7 4. O-O g6 5. b3 Bg7 6. Bb2 O-O 7. c4 d6 8. d3 e5 9. Nbd2 Nbd7 10. Qc2 Re8 11. b4 Rb8 12. e4 c6 13. a4 a5 14. c5 axb4 15. cxd6 c5 16. Nc4 Ba6 17. Nfxe5 Nxe5 18. Nxe5 Qxd6 19. Nc4 Bxc4 20. Qxc4 Nd7 21. Bxg7 Kxg7 22. f4 f6 23. d4 Qxd4+ 24. Qxd4 cxd4 25. Rfd1 Nc5 26. Rxd4 Nb3 27. Rd7+ Kg8 28. Rad1 Nc5 29. Ra7 b3 30. e5 fxe5 31. Bd5+ Kh8 32. fxe5 Rxe5 33. Bc6 Rc8 34. Bb5 b2 35. Rb1 Nxa4 36. Kf2 Rc1 37. Bd3 Rxb1 38. Bxb1 Nc3 39. Bd3 b1=Q 40. Bxb1 Nxb1 41. Rb7 Rb5 42. Ke3 Nc3 43. Kd3 Na4 44. Kc4 Rc5+ 45. Kb4 Nb2 46. Rxb6 Nd3+ 47. Kb3 Rf5 48. Rb7 Ne5 49. Kc3 Ng4 50. Kd4 Nxh2 51. Ke4 Nf1 52. g4 Rf8 53. Ke5 Nh2 54. g5 Nf3+ 55. Ke6 Nxg5+ 56. Kd6 Rf7 57. Rb5 h6 58. Rb1 Kg7 59. Rh1 Rf6+ 60. Ke5 Rf5+ 61. Kd4 h5 62. Ra1 Nf7 63. Ke3 h4 64. Ra4 g5 65. Ra7 g4 66. Ra1 Rf3+ 67. Ke4 Ng5+ 68. Ke5 h3 69. Ra7+ Nf7+ 70. Ke4 h2 71. Ra1 Rh3 72. Rh1 g3 73. Kf3 Ne5+ 74. Kg2 Rh8 75. Kxg3 Ng6 76. Rxh2 Rd8 77. Rg2 Rd3+ 78. Kf2 Kf6 79. Rg3 Rd2+ 80. Ke3 Ra2 81. Rg4 Kf5 82. Rb4 Ne5 83. Rb5 Ra3+ 84. Ke2 Ke4 85. Rb4+ Kd5 86. Rb8 Kd4 87. Kf2 Ke4 88. Kg2 Ra2+ 0-1


[Site "https://www.chess.com"]

[Event "Titled Tuesday Blitz March 15 Late 2022"]
[White "Mohammadian, Mohammad"]
[Black "P., Komal Kishore"]
[WhiteFideId "12566055"]
[BlackFideId "5016703"]
[WhiteElo "1544"]
[BlackElo "2103"]
[Result "0-1"]
[Round "11"]
[TimeControl "180+1"]
[Date "2022.03.16"]
[WhiteClock "0:00:04"]
[BlackClock "0:00:57"]

1. e4 c6 2. d4 d5 3. Nd2 dxe4 4. Nxe4 Bf5 5. Ng3 Bg6 6. Nf3 Nd7 7. Bd3 e6 8. O-O Ngf6 9. Re1 Be7 10. c4 O-O 11. Be3 Qb6 12. b3 Rfe8 13. Qc2 Bb4 14. Red1 Qc7 15. d5 cxd5 16. cxd5 Qxc2 17. Bxc2 Bxc2 18. Rdc1 Bc3 19. Bd4 Bxa1 20. Bxa1 Bg6 21. Rc7 exd5 22. Rxb7 Rac8 23. Bxf6 Rc1+ 24. Nf1 Bd3 25. Nd2 Ree1 26. h3 Bxf1 27. Nxf1 Rxf1+ 28. Kh2 gxf6 29. Rxd7 Rxf2 30. Rxd5 Rxa2 31. h4 Rcc2 32. Rd8+ Kg7 33. h5 Rxg2+ 34. Kh3 Rh2+ 35. Kg3 Rag2+ 36. Kf3 Rb2 37. Kg3 Rxh5 38. Rd3 Rb5 39. Kf4 R2xb3 40. Rg3+ Kf8 41. Rg1 Ra3 42. Re1 Ra4+ 43. Kf3 Rb3+ 44. Kf2 Ra2+ 45. Kf1 Rbb2 46. Kg1 Rg2+ 0-1


[Site "https://www.chess.com"]

[Event "Titled Tuesday Blitz March 15 Late 2022"]
[White "Nakamura, Hikaru"]
[Black "Fedoseev, Vladimir"]
[WhiteFideId "2016192"]
[BlackFideId "24130737"]
[WhiteElo "2850"]
[BlackElo "2726"]
[Result "1-0"]
[Round "11"]
[TimeControl "180+1"]
[Date "2022.03.15"]
[WhiteClock "0:00:11"]
[BlackClock "0:00:06"]

1. Nf3 d5 2. b3 Nf6 3. Bb2 e6 4. e3 Be7 5. d4 O-O 6. Bd3 b6 7. O-O Bb7 8. Nbd2 c5 9. dxc5 bxc5 10. c4 Nc6 11. cxd5 exd5 12. Rc1 Nb4 13. Bb1 Ba6 14. Re1 Rc8 15. Ne5 Bb7 16. Bf5 Rc7 17. a3 Nc6 18. Nd3 c4 19. bxc4 d4 20. e4 g6 21. e5 gxf5 22. exf6 Bxf6 23. Qh5 Ne7 24. a4 Kh8 25. Re2 Ng6 26. Rce1 Rg8 27. f3 Qd7 28. Kh1 Qxa4 29. Qxf5 Bg7 30. Ra1 Qc2 31. Rc1 Qa4 32. h4 Bc8 33. Qg5 Nf8 34. Qf4 Qd7 35. Ne5 Qe7 36. Qxd4 Ne6 37. Qf2 Rb7 38. Ba1 Qc7 39. f4 Nc5 40. Rf1 f6 41. Nef3 Bf5 42. Rd1 Nd3 43. Qe3 Qxf4 44. Qxf4 Nxf4 45. Rf2 Nd3 46. Rff1 Bg4 47. Ne4 f5 48. Nd6 Rb3 49. Nf7# 1-0


[Site "https://www.chess.com"]

[Event "Titled Tuesday Blitz March 15 Late 2022"]
[White "Oro, Luis"]
[Black "Iskusnyh, Sergei"]
[WhiteFideId "104094"]
[BlackFideId "4120027"]
[WhiteElo "2311"]
[BlackElo "2492"]
[Result "0-1"]
[Round "11"]
[TimeControl "180+1"]
[Date "2022.03.15"]
[WhiteClock "0:00:02"]
[BlackClock "0:00:14"]

1. e4 e6 2. d4 d5 3. Nd2 c5 4. exd5 Qxd5 5. Ngf3 cxd4 6. Bc4 Qd7 7. O-O Nc6 8. Nb3 a6 9. Nbxd4 Nxd4 10. Nxd4 Qc7 11. Bb3 Bd6 12. h3 Ne7 13. Bg5 O-O 14. c3 h6 15. Be3 e5 16. Nf3 Nf5 17. Bd2 Bd7 18. Bc2 Rfe8 19. Re1 Rad8 20. Be4 Bc5 21. Qc2 Qc8 22. Rad1 f6 23. Bc1 Be6 24. b3 b5 25. Bb2 Kh8 26. Qe2 Qc7 27. Nh2 Ng3 28. Qf3 Nxe4 29. Qxe4 Qb6 30. Qf3 Rxd1 31. Rxd1 Rd8 32. Rxd8+ Qxd8 33. Nf1 Bf7 34. Qb7 Bg6 35. Qxa6 Qd1 36. Qc8+ Kh7 37. Qxc5 Bd3 38. Kh2 Qxf1 39. Qe3 Bg6 40. Ba3 Qb1 41. Bf8 Kg8 42. Bd6 Qxa2 43. b4 Qc4 44. Bc5 Kh7 45. Bd6 Bf7 46. Bc5 Bd5 47. f3 Bf7 48. Bd6 Bg6 49. Bc5 Qf1 50. Qf2 Qd3 51. Qe3 Qc2 52. Kg3 Bd3 53. h4 Bf1 54. Qf2 Qd1 55. h5 Qc1 56. Be3 Qd1 57. Bc5 Bd3 58. Kh2 Qc1 0-1


[Site "https://www.chess.com"]

[Event "Titled Tuesday Blitz March 15 Late 2022"]
[White "Papasimakopoulos, Alexandros"]
[Black "Maghsoodloo, Parham"]
[WhiteFideId "4244125"]
[BlackFideId "12539929"]
[WhiteElo "2340"]
[BlackElo "2630"]
[Result "0-1"]
[Round "11"]
[TimeControl "180+1"]
[Date "2022.03.15"]
[WhiteClock "0:00:11"]
[BlackClock "0:00:14"]

1. d4 d5 2. c4 e6 3. Nc3 Bb4 4. cxd5 exd5 5. Qa4+ Nc6 6. Nf3 Ne7 7. Bf4 O-O 8. e3 a6 9. Bd3 Bf5 10. Qc2 Bxc3+ 11. bxc3 Bxd3 12. Qxd3 Na5 13. Nd2 b5 14. O-O Re8 15. a4 c6 16. axb5 cxb5 17. f3 Nc4 18. e4 a5 19. Rfb1 Qd7 20. Nb3 a4 21. Nc5 Qc6 22. Bg3 a3 23. Qc2 Ra5 24. Nd3 Rea8 25. Nb4 Qd7 26. Ra2 Nb6 27. Rba1 Nc6 28. Nd3 h6 29. Qb3 dxe4 30. fxe4 Nc4 31. d5 Ne7 32. Ne5 Nxe5 33. Bxe5 Qg4 34. Bd6 Qxe4 35. Bb4 R5a6 36. Bxe7 Qxe7 37. Qxb5 Qe3+ 38. Kh1 Qxc3 39. h3 Rg6 40. Qb7 Raa6 41. Rf1 Kh7 42. Qxf7 Qc4 43. Rfa1 Qd3 44. Re1 Qg3 45. Re8 Rgf6 46. Qg8+ Kg6 47. Re6 Raxe6 48. Ra1 Re1+ 49. Rxe1 Qxe1+ 50. Kh2 Rf1 51. Qe8+ Qxe8 0-1


[Site "https://www.chess.com"]

[Event "Titled Tuesday Blitz March 15 Late 2022"]
[White "Pesotskiy, Mikhail"]
[Black "Peatman, Carter"]
[WhiteFideId "34164453"]
[BlackFideId "2096480"]
[WhiteElo "2010"]
[BlackElo "2474"]
[Result "1/2-1/2"]
[Round "11"]
[TimeControl "180+1"]
[Date "2022.03.15"]
[WhiteClock "0:00:35"]
[BlackClock "0:00:53"]

1. d4 d5 2. c4 dxc4 3. e3 e5 4. Bxc4 exd4 5. exd4 Bd6 6. Nf3 Nf6 7. O-O Nc6 8. Nc3 O-O 9. Bg5 Bg4 10. h3 Bh5 11. d5 Ne5 12. Be2 h6 13. Bh4 Bxf3 14. Bxf3 Ng6 15. Bg3 Bxg3 16. fxg3 Ne5 17. Qd4 Nxf3+ 18. Rxf3 c6 19. Rd1 cxd5 20. Nxd5 Nxd5 21. Qxd5 Qxd5 22. Rxd5 Rfd8 23. Rfd3 Rxd5 24. Rxd5 Kf8 25. Rd7 Rb8 26. g4 Ke8 27. Rc7 b6 28. Rxa7 Rc8 29. Rb7 Rc6 30. b3 Kf8 31. a4 g6 32. b4 Kg7 33. Kh2 Kg8 34. h4 Kg7 35. Kh3 Rc3+ 36. g3 Ra3 37. Ra7 b5 38. a5 Ra4 39. Rb7 Rxb4 40. a6 Ra4 41. a7 b4 42. h5 b3 43. hxg6 Kxg6 44. Rxb3 Rxa7 45. Rb6+ Kg7 46. Kh4 Ra5 47. Rc6 Ra1 48. Kh3 Ra5 49. Kh4 Rb5 50. Ra6 Rb1 51. Kh3 Rb5 52. Rc6 Ra5 53. Rb6 f6 54. Rc6 Kg6 55. Rc8 Ra1 56. Rg8+ Kf7 57. Rb8 Rh1+ 58. Kg2 Ra1 59. Kh3 Ra4 60. Rh8 Kg7 61. Rb8 Kg6 62. Rg8+ Kf7 63. Rb8 Kg7 64. Rc8 Ra2 65. Rb8 Rd2 66. Ra8 Re2 67. Rb8 Kf7 68. Rh8 Kg6 69. Rb8 Re5 70. Rg8+ Kf7 71. Rh8 Kg7 72. Rb8 Rc5 73. Rb7+ Kg6 74. Rb8 Ra5 75. Rg8+ Kf7 76. Rb8 Ra2 77. Rb7+ Kg6 78. Rb8 Ra5 79. Rg8+ Kf7 80. Rb8 Kg7 81. Kh4 Ra1 82. Kh3 Ra4 83. Rc8 Kg6 84. Rg8+ Kf7 85. Rb8 Rc4 86. Ra8 Rb4 87. Rh8 Kg7 88. Ra8 Rb5 89. Ra7+ Kg6 90. Ra8 h5 91. Rg8+ Kf7 92. Ra8 Rg5 93. gxh5 Rxh5+ 94. Kg4 Rg5+ 95. Kh4 Rb5 96. g4 Rb4 97. Ra5 Kg6 98. Rc5 Rb1 99. Rc6 Rh1+ 100. Kg3 Ra1 101. Kh4 Ra4 102. Rb6 Rc4 103. Ra6 Rf4 104. Rb6 Kh6 105. Rxf6+ Rxf6 106. g5+ Kg6 107. gxf6 Kxf6 1/2-1/2


[Site "https://www.chess.com"]

[Event "Titled Tuesday Blitz March 15 Late 2022"]
[White "Petre, Nad-Titus"]
[Black "Zhou, Qiyu"]
[WhiteFideId "1204165"]
[BlackFideId "505161"]
[WhiteElo "2354"]
[BlackElo "1925"]
[Result "0-1"]
[Round "11"]
[TimeControl "180+1"]
[Date "2022.03.16"]
[WhiteClock "0:01:10"]
[BlackClock "0:02:01"]

1. d4 Nf6 2. Bf4 d5 3. e3 e6 4. Nd2 Bd6 5. Bg3 O-O 6. Ngf3 c5 7. c3 Nc6 8. Bb5 Qe7 9. Qa4 Bd7 10. O-O a6 11. Bxc6 Bxc6 12. Bxd6 Qxd6 13. Qa3 b6 14. Ne5 Bb7 15. Rab1 Rfc8 16. Rfd1 Nd7 17. f4 f6 18. Nxd7 Qxd7 19. b4 cxd4 20. cxd4 Rc2 21. Rb2 Rac8 22. Qb3 R2c3 0-1


[Site "https://www.chess.com"]

[Event "Titled Tuesday Blitz March 15 Late 2022"]
[White "Plazuelo Pascual, Juan"]
[Black "Sadilek, Peter"]
[WhiteFideId "32059566"]
[BlackFideId "1616439"]
[WhiteElo "2364"]
[BlackElo "2145"]
[Result "0-1"]
[Round "11"]
[TimeControl "180+1"]
[Date "2022.03.16"]
[WhiteClock "0:00:33"]
[BlackClock "0:00:12"]

1. Nf3 Nf6 2. g3 e6 3. Bg2 d5 4. O-O Be7 5. c4 O-O 6. b3 b6 7. Bb2 Bb7 8. e3 c5 9. cxd5 Nxd5 10. Nc3 Nc6 11. Nxd5 Qxd5 12. d4 Rad8 13. dxc5 Qxc5 14. Qe2 Nb4 15. a3 Nd3 16. Bd4 Qh5 17. Rfd1 e5 18. Rxd3 e4 19. Rd2 exf3 20. Qd1 Qf5 21. Bf1 h5 22. Qc2 Be4 23. Qb2 h4 24. Rad1 hxg3 25. hxg3 Qg6 26. Bc3 Rxd2 27. Rxd2 Bh4 28. Be5 Re8 29. Qd4 Be7 30. Bc7 Bc5 31. Qd7 Bc6 32. Qd3 Qxd3 33. Bxd3 Bxa3 34. Ra2 Bc5 35. Rxa7 g6 36. g4 Re7 37. Kh2 Bd6+ 38. Bxd6 Rxa7 39. Kg3 Rd7 0-1


[Site "https://www.chess.com"]

[Event "Titled Tuesday Blitz March 15 Late 2022"]
[White "Reprintsev, Alexander"]
[Black "Vlassov, Nikolai"]
[WhiteFideId "14100541"]
[BlackFideId "4103360"]
[WhiteElo "2108"]
[BlackElo "2407"]
[Result "1-0"]
[Round "11"]
[TimeControl "180+1"]
[Date "2022.03.16"]
[WhiteClock "0:01:49"]
[BlackClock "0:00:13"]

1. e4 c5 2. b3 Nf6 3. e5 Nd5 4. Nc3 e6 5. Ne4 Be7 6. Bb2 O-O 7. Nf3 f5 8. exf6 Nxf6 9. Qe2 Nc6 10. O-O-O d5 11. Neg5 Qd6 12. Re1 d4 13. Nxe6 Bxe6 14. Qxe6+ Qxe6 15. Rxe6 Ng4 16. Bc4 Kh8 17. Rf1 Rxf3 18. gxf3 Nxh2 19. Rfe1 Nxf3 20. Rxe7 Nxe7 21. Rxe7 h5 22. Bd5 Rf8 23. c3 h4 24. cxd4 Nxd4 25. Bxd4 cxd4 26. Re4 g5 27. Rxd4 Rxf2 28. Bxb7 h3 29. Rg4 Rf7 30. Ba8 Rf8 31. Rxg5 Rxa8 32. Rh5+ Kg7 33. Rxh3 Kf6 34. Re3 a5 35. a4 Rc8+ 36. Kb2 Rc5 37. d4 Rc8 38. Re5 Rd8 39. Kc3 Rc8+ 40. Rc5 Ra8 41. Kc4 Ke6 42. Rc6+ Kd7 43. d5 Rb8 44. Ra6 Rb4+ 45. Kc3 Rh4 46. Rxa5 Kd6 47. Rb5 Rh3+ 48. Kb2 1-0


[Site "https://www.chess.com"]

[Event "Titled Tuesday Blitz March 15 Late 2022"]
[White "Romero Ruscalleda, Josep"]
[Black "Petesch, Gabriel"]
[WhiteFideId "2231859"]
[BlackFideId "2032465"]
[WhiteElo "2331"]
[BlackElo "2374"]
[Result "0-1"]
[Round "11"]
[TimeControl "180+1"]
[Date "2022.03.16"]
[WhiteClock "0:00:29"]
[BlackClock "0:00:02"]

1. e4 Nc6 2. d4 e5 3. Nf3 exd4 4. Nxd4 Nf6 5. Nc3 Bc5 6. Be3 Bxd4 7. Bxd4 O-O 8. Be3 Re8 9. Bd3 Ne5 10. Be2 d5 11. exd5 Neg4 12. O-O Qd6 13. g3 Nxe3 14. fxe3 Rxe3 15. Qd4 Re5 16. Bf3 Bh3 17. Rfe1 Nd7 18. Nb5 Qe7 19. Qf2 Re8 20. Red1 Rf5 21. d6 Qf6 22. Nd4 Rc5 23. dxc7 Rxc7 24. c3 Ne5 25. Bg2 Qxf2+ 26. Kxf2 Ng4+ 27. Kf3 Re3+ 28. Kf4 g5+ 29. Kxg5 Rc5+ 30. Kh4 Bxg2 31. Kxg4 Re4# 0-1


[Site "https://www.chess.com"]

[Event "Titled Tuesday Blitz March 15 Late 2022"]
[White "Rosen, Eric"]
[Black "Bettalli, Francesco"]
[WhiteFideId "2032562"]
[BlackFideId "2816453"]
[WhiteElo "2362"]
[BlackElo "2216"]
[Result "1-0"]
[Round "11"]
[TimeControl "180+1"]
[Date "2022.03.15"]
[WhiteClock "0:00:02"]
[BlackClock "0:00:06"]

1. d4 Nf6 2. Bf4 d5 3. e3 c5 4. Nf3 Nc6 5. Nbd2 e6 6. c3 Bd6 7. Bg3 Qe7 8. Ne5 Nd7 9. Nxd7 Qxd7 10. dxc5 Bxc5 11. Bd3 O-O 12. Nf3 f6 13. h4 e5 14. e4 d4 15. b4 Bb6 16. b5 Ne7 17. cxd4 exd4 18. Bc4+ Kh8 19. h5 Ba5+ 20. Kf1 Bb6 21. Nh4 Qg4 22. Qxg4 Bxg4 23. Bd6 Rfc8 24. Bb3 Ng8 25. a4 Bc5 26. Bf4 Bxh5 27. g4 Be8 28. Be6 Rd8 29. Rc1 Bb6 30. Bd5 d3 31. Kg2 Ne7 32. Be6 a6 33. bxa6 Rxa6 34. Rb1 Bd4 35. Rb5 Rxe6 36. Rxb7 Be5 37. Bd2 Bb8 38. Rhb1 Bd6 39. f3 Bc5 40. Rh1 Rc6 41. a5 Bd4 42. a6 Rc2 43. Rxe7 Rxd2+ 44. Kg3 Be5+ 45. f4 Bd6 46. Rb7 Rc2 47. a7 d2 48. Rd1 Bc6 49. Rb8 Rxb8 50. axb8=Q+ Bxb8 51. Nf5 Bxe4 52. Nd4 Rc3+ 53. Kf2 Bxf4 54. Ne2 Be3+ 55. Kg3 Rc1 56. Nxc1 dxc1=Q 57. Rd8# 1-0


[Site "https://www.chess.com"]

[Event "Titled Tuesday Blitz March 15 Late 2022"]
[White "Rozman, Levy"]
[Black "Costachi, Mihnea"]
[WhiteFideId "2039877"]
[BlackFideId "1217518"]
[WhiteElo "2376"]
[BlackElo "2464"]
[Result "1-0"]
[Round "11"]
[TimeControl "180+1"]
[Date "2022.03.15"]
[WhiteClock "0:00:06"]
[BlackClock "0:00:17"]

1. d4 Nf6 2. Bg5 Ne4 3. h4 c5 4. d5 Qb6 5. Nd2 Nxd2 6. Bxd2 Qxb2 7. e4 d6 8. Rb1 Qe5 9. Bd3 Nd7 10. Nf3 Qh5 11. Bc3 e5 12. dxe6 fxe6 13. Rg1 Be7 14. Bxg7 Rg8 15. Bc3 Nb6 16. g3 Bd7 17. Be2 Qg6 18. Ng5 O-O-O 19. Bh5 Qh6 20. Nf7 Qf8 21. Nxd8 Bxd8 22. Qf3 Qe7 23. Qf7 Qxf7 24. Bxf7 Rf8 25. Bh5 Bc6 26. f3 Nc4 27. Ke2 b5 28. Bg4 Kd7 29. Rgd1 b4 30. Ba1 Ke7 31. c3 a5 32. cxb4 axb4 33. Rbc1 Na3 34. Bg7 Rf7 35. Bh6 Bb6 36. Bg5+ Kd7 37. Bf4 Nb5 38. Bxd6 Nd4+ 39. Rxd4 cxd4 40. Bxb4 Bb5+ 41. Kd2 Rg7 42. h5 Rg8 43. a4 Bxa4 44. Bc5 Ba5+ 45. Kd3 Rb8 46. Bxd4 Rb2 47. Bxb2 Bb5+ 48. Ke3 Bb6+ 49. Bd4 Ba5 50. Bc3 Ba4 51. Bxa5 Bb3 52. Rc3 Bc4 53. f4 Bd3 54. e5 Bf5 55. Bxf5 exf5 56. Kd4 Ke6 57. Rc6+ Kf7 58. Rf6+ Kg8 59. h6 Kh8 60. Rf8# 1-0


[Site "https://www.chess.com"]

[Event "Titled Tuesday Blitz March 15 Late 2022"]
[White "Rustemov, Alexander"]
[Black "Zhigalko, Sergei"]
[WhiteFideId "4119002"]
[BlackFideId "13502956"]
[WhiteElo "2762"]
[BlackElo "2662"]
[Result "1-0"]
[Round "11"]
[TimeControl "180+1"]
[Date "2022.03.15"]
[WhiteClock "0:00:19"]
[BlackClock "0:00:02"]

1. d4 Nf6 2. Bg5 e6 3. e4 h6 4. Bxf6 Qxf6 5. Nc3 Bb4 6. Qd2 O-O 7. f4 c5 8. e5 Qe7 9. a3 Bxc3 10. bxc3 b6 11. Nf3 Bb7 12. Be2 d6 13. O-O Rd8 14. Qe3 Nc6 15. Rae1 Rd7 16. Bd3 Rad8 17. Qe4 g6 18. Qe3 cxd4 19. cxd4 dxe5 20. fxe5 Nxd4 21. Nxd4 Rxd4 22. Qxh6 Rg4 23. Rf2 Qc5 24. Kf1 Rdd4 25. Re3 Rh4 26. Qg5 Qf8 27. Bxg6 Rhg4 28. Bxf7+ Kh8 29. Rh3+ 1-0


[Site "https://www.chess.com"]

[Event "Titled Tuesday Blitz March 15 Late 2022"]
[White "Sanchez Alvares, Kelvin Antonio"]
[Black "Mekhitarian, Krikor Sevag"]
[WhiteFideId "3906680"]
[BlackFideId "2107660"]
[WhiteElo "2193"]
[BlackElo "2598"]
[Result "0-1"]
[Round "11"]
[TimeControl "180+1"]
[Date "2022.03.15"]
[WhiteClock "0:01:37"]
[BlackClock "0:01:55"]

1. e4 c5 2. Nf3 g6 3. d4 cxd4 4. Nxd4 Nc6 5. c4 Nf6 6. Nc3 d6 7. f3 Nxd4 8. Qxd4 Bg7 9. Be3 O-O 10. Qd2 a5 11. Rc1 a4 12. Be2 Be6 13. Nb5 Nd7 14. Nd4 Qa5 15. Qxa5 Rxa5 16. Nxe6 fxe6 17. Rc2 Rc8 18. Kd2 Nc5 19. Rb1 Ra6 20. b4 axb3 21. axb3 Ra3 22. b4 Nb3+ 23. Ke1 Na1 24. Rxa1 Bxa1 25. Kf2 e5 26. f4 exf4 27. Bxf4 Rf8 0-1


[Site "https://www.chess.com"]

[Event "Titled Tuesday Blitz March 15 Late 2022"]
[White "Sokolovsky, Yahli"]
[Black "Bryakin, Mikhail"]
[WhiteFideId "2820242"]
[BlackFideId "4165314"]
[WhiteElo "1770"]
[BlackElo "2417"]
[Result "1-0"]
[Round "11"]
[TimeControl "180+1"]
[Date "2022.03.15"]
[WhiteClock "0:00:20"]
[BlackClock "0:00:02"]

1. b3 c5 2. Bb2 Nc6 3. e3 Nf6 4. Nf3 g6 5. d4 cxd4 6. exd4 d5 7. a3 Bg7 8. Bd3 O-O 9. O-O Bf5 10. Ne5 Bxd3 11. Qxd3 Nd7 12. f4 f5 13. Nxd7 Qxd7 14. Nd2 e6 15. Nf3 Rac8 16. Rfe1 h6 17. Re2 Rfe8 18. Rae1 Kf7 19. c4 a6 20. c5 Bf6 21. b4 Na7 22. Qb3 g5 23. fxg5 hxg5 24. a4 g4 25. Ne5+ Bxe5 26. Rxe5 Nc6 27. R5e2 Ne7 28. Bc1 Ng6 29. g3 Ra8 30. Bg5 Qc6 31. b5 axb5 32. axb5 Qd7 33. Rc2 Rec8 34. Rec1 Qc7 35. c6 b6 36. Bd2 Qa7 37. c7 Qa4 38. Qe3 Qxb5 39. Rc6 Nf8 40. Qe5 Ra1 41. Bh6 Rxc1+ 42. Rxc1 Qb4 43. Qg7+ Ke8 44. Bg5 Qd6 45. Bd8 Qd7 46. Qe5 Kf7 47. h3 Ng6 48. Qe3 1-0


[Site "https://www.chess.com"]

[Event "Titled Tuesday Blitz March 15 Late 2022"]
[White "Solon, Nathan"]
[Black "Jaskolka, Tomasz"]
[WhiteFideId "2017229"]
[BlackFideId "1170791"]
[WhiteElo "2579"]
[BlackElo "2073"]
[Result "1/2-1/2"]
[Round "11"]
[TimeControl "180+1"]
[Date "2022.03.16"]
[WhiteClock "0:00:11"]
[BlackClock "0:00:21"]

1. d4 Nf6 2. c4 e6 3. g3 Bb4+ 4. Nd2 d5 5. Bg2 c6 6. Nf3 O-O 7. O-O b6 8. b3 Bb7 9. Bb2 Nbd7 10. Rc1 Rc8 11. a3 Bxd2 12. Qxd2 dxc4 13. bxc4 c5 14. d5 exd5 15. Nh4 Ne4 16. Bxe4 dxe4 17. Nf5 f6 18. Rfd1 Ne5 19. Bxe5 Qxd2 20. Rxd2 fxe5 21. Ne7+ Kf7 22. Nxc8 Bxc8 23. f3 exf3 24. exf3 Be6 25. Re1 Bxc4 26. Rxe5 Kf6 27. f4 Be6 28. Rd6 Re8 29. Kf2 g6 30. Ke3 Kf7 31. Rc6 Re7 32. Kf3 h5 33. Ke3 c4 34. Kd4 Rd7+ 35. Kc3 Rd3+ 36. Kc2 Bf5 37. Rxc4 Rxa3+ 38. Kb2 Rf3 39. Rc7+ Kf6 40. Rxa7 Rf2+ 41. Kc3 Rxh2 42. Rb5 Be4 43. Rxb6+ Kf5 44. Ra5+ Kg4 45. Rg5+ Kf3 46. Kd4 Rd2+ 47. Ke5 Rd5+ 48. Kf6 Rxg5 49. Kxg5 Kxg3 50. Rb3+ Kf2 51. Rc3 Bf5 52. Ra3 Kg2 53. Rc3 Kf2 54. Rb3 Kg2 55. Ra3 Kf2 56. Kh4 Kg2 57. Kg5 Kf2 58. Rc3 Kg2 59. Ra3 1/2-1/2


[Site "https://www.chess.com"]

[Event "Titled Tuesday Blitz March 15 Late 2022"]
[White "Srihari L R"]
[Black "Al-Tarboush, Ward"]
[WhiteFideId "46617116"]
[BlackFideId "7601450"]
[WhiteElo "2121"]
[BlackElo "2276"]
[Result "0-1"]
[Round "11"]
[TimeControl "180+1"]
[Date "2022.03.15"]
[WhiteClock "0:00:09"]
[BlackClock "0:01:37"]

1. b3 e5 2. Bb2 Nc6 3. e3 Nf6 4. Bb5 Bd6 5. Nf3 Qe7 6. O-O a6 7. Be2 b5 8. d4 Bb7 9. c4 bxc4 10. bxc4 exd4 11. exd4 O-O 12. Re1 Bf4 13. Nc3 Rfe8 14. d5 Ne5 15. Nd4 d6 16. Bf1 Qd7 17. g3 Bh6 18. Bc1 Bxc1 19. Qxc1 Rab8 20. Rb1 h6 21. Qc2 Ba8 22. Qa4 Qxa4 23. Nxa4 Rxb1 24. Rxb1 Ne4 25. Rb2 c6 26. f4 c5 27. Nf5 Nf3+ 28. Kg2 Ne1+ 29. Kh1 g6 30. Nxh6+ Kg7 31. Ng4 f5 32. Nf2 Nf3 33. Nxe4 fxe4 34. Nc3 e3 35. Be2 Nd4 36. Kg1 Re7 37. Bd3 Bb7 38. Ne2 Nf3+ 39. Kh1 Bc8 40. Rb1 Nd2 41. Rb6 Bg4 42. Rxd6 Bf3+ 43. Kg1 Rb7 44. Rxg6+ Kf7 45. Re6 Nxc4 46. Bxc4 Rb1+ 47. Nc1 Rxc1+ 48. Bf1 e2 49. Rxe2 Bxe2 50. Kf2 Bxf1 51. d6 Bb5 52. d7 Bxd7 53. h3 Rc2+ 54. Kf3 Rxa2 55. g4 Ra3+ 56. Kg2 Bc6+ 57. Kh2 c4 58. f5 c3 59. g5 c2 60. g6+ Kf6 61. g7 Kxg7 62. f6+ Kxf6 63. h4 c1=Q 64. h5 Qd2+ 65. Kg1 Qg2# 0-1


[Site "https://www.chess.com"]

[Event "Titled Tuesday Blitz March 15 Late 2022"]
[White "Svane, Rasmus"]
[Black "Narayanan.S.L"]
[WhiteFideId "4657101"]
[BlackFideId "5058422"]
[WhiteElo "2645"]
[BlackElo "2494"]
[Result "0-1"]
[Round "11"]
[TimeControl "180+1"]
[Date "2022.03.15"]
[WhiteClock "0:00:03"]
[BlackClock "0:01:05"]

1. Nf3 g6 2. e4 Bg7 3. d4 d6 4. c3 Nf6 5. Bd3 O-O 6. O-O Nc6 7. h3 e5 8. Re1 Nh5 9. Be3 Re8 10. Nbd2 Bd7 11. Qb3 b6 12. Rad1 h6 13. dxe5 Nxe5 14. Nxe5 dxe5 15. Nf3 Qe7 16. Bc4 Rad8 17. Rd2 Bc6 18. Bd5 Bxd5 19. exd5 Kh7 20. c4 f5 21. Rde2 c5 22. dxc6 e4 23. Nh2 Qd6 24. Qa4 Rc8 25. Qxa7 Qxc6 26. Qxb6 Qxb6 27. Bxb6 Rxc4 28. b3 Rc3 29. Ba5 Rc6 30. Bd2 Nf6 31. f3 Ra8 32. Be3 Nd5 33. fxe4 Nxe3 34. Rxe3 Bd4 35. Nf3 Bxe3+ 36. Rxe3 fxe4 37. Rxe4 Rxa2 38. Re7+ Kg8 39. Nh4 Rb2 40. Rb7 Rcc2 41. Rb8+ Kf7 42. Rb7+ Ke8 43. Rh7 g5 44. Rxh6 gxh4 45. Rg6 Rxb3 46. Rg3 0-1


[Site "https://www.chess.com"]

[Event "Titled Tuesday Blitz March 15 Late 2022"]
[White "Svicevic, Rastko"]
[Black "Sanchez, Robert"]
[WhiteFideId "916315"]
[BlackFideId "2034360"]
[WhiteElo "2132"]
[BlackElo "2319"]
[Result "1-0"]
[Round "11"]
[TimeControl "180+1"]
[Date "2022.03.16"]
[WhiteClock "0:00:06"]
[BlackClock "0:00:16"]

1. e4 e6 2. d4 d5 3. exd5 exd5 4. Nf3 Nf6 5. Bd3 c5 6. O-O Be7 7. dxc5 O-O 8. b4 a5 9. c3 b6 10. cxb6 axb4 11. cxb4 Qxb6 12. a3 Bxb4 13. axb4 Rxa1 14. Bb2 Ra8 15. Bd4 Qd8 16. b5 Bg4 17. Nbd2 Nbd7 18. Qb3 Qa5 19. h3 Bxf3 20. Nxf3 Ne4 21. Qxd5 Ndf6 22. Qf5 Rae8 23. Ne5 Nd6 24. Qg5 Nxb5 25. Nc6 h6 26. Qf5 Qd2 27. Bxf6 g6 28. Qxb5 Re6 29. Bd4 Rxc6 30. Qxc6 Qxd3 31. Qf6 Qxd4 32. Qxd4 1-0


[Site "https://www.chess.com"]

[Event "Titled Tuesday Blitz March 15 Late 2022"]
[White "Swicarz, Maciej"]
[Black "Koutlas, Nikolaos"]
[WhiteFideId "1113585"]
[BlackFideId "25827138"]
[WhiteElo "2057"]
[BlackElo "1610"]
[Result "1-0"]
[Round "11"]
[TimeControl "180+1"]
[Date "2022.03.16"]
[WhiteClock "0:02:10"]
[BlackClock "0:01:58"]

1. c4 Nf6 2. Nc3 g6 3. e4 d6 4. d4 Bg7 5. Nge2 c5 6. dxc5 dxc5 7. Qxd8+ Kxd8 8. f4 e5 9. fxe5 Ng4 10. Bg5+ Ke8 11. Nd5 Bxe5 12. h3 f6 13. Bf4 Bxf4 14. Nexf4 Ne5 15. Nc7+ Kf7 16. Nxa8 Na6 17. Nd5 Bd7 18. Nac7 1-0


[Site "https://www.chess.com"]